Map: Efflorescence LE

Players

BakKutTeh

  • Race: Terran Terran
  • Spawn Location: 3:00

Nessbih

  • Race: Terran Terran
  • Spawn Location: 12:00

qqq

  • Race: Protoss Protoss
  • Spawn Location: 6:00

Massa

  • Race: Terran Terran
  • League: Platinum
  • Spawn Location: 9:00

VOD

Have the link to the VOD?

Description

Time

  • Played on: Nov. 5, 2020, 4:24 p.m.
  • Length: 10:52
Show
View Real Time Build Order
Export as new Build Order

BakKutTeh Terran 

Build Orders:  

Get SALT Encoding   

  12  0:00  SCV  
  13  0:12  SCV  
  14  0:19  Supply Depot  
  14  0:24  SCV  
  15  0:41  SCV  
  16  0:44  Barracks  
  16  0:49  Refinery  
  16  0:54  SCV  
  18  1:12  Barracks  
  18  1:16  SCV  
  18  1:30  Orbital Command  
  18  1:32  Reaper  
  19  1:39  Supply Depot  
  19  1:55  Refinery  
  19  2:04  Reaper, Barracks  
  20  2:14  Reaper  
  21  2:36  Reaper  
  22  2:49  Reaper  
  23  3:08  Reaper  
  23  3:11  SCV  
  24  3:23  Reaper, SCV  
  26  3:30  Command Center  
  26  3:32  Reaper  
  27  3:35  SCV  
  27  3:37  Supply Depot  
  28  3:47  SCV  
  27  3:57  Factory  
  27  4:04  SCV  
  28  4:13  Barracks Tech Lab  
  28  4:16  SCV  
  29  4:26  Supply Depot  
  29  4:28  SCV  
  30  4:38  Marine  
  30  4:45  Factory Tech Lab  
  30  4:46  Orbital Command  
  30  4:47  SCV  
  31  4:56  Marine  
  31  4:59  SCV  
  33  5:06  Siege Tank  
  36  5:11  SCV  
  36  5:13  Marine  
  38  5:19  Orbital Command  
  38  5:23  SCV  
  39  5:31  Marine  
  38  5:36  Marine  
  38  5:37  SCV  
  38  5:38  Siege Tank  
  43  5:47  Marine  
  43  5:49  SCV, Marine  
  46  5:54  Marine  
  46  5:56  SCV  
  47  6:01  SCV, Stimpack  
  48  6:05  Marine  
  48  6:07  Marine  
  48  6:08  SCV  
  48  6:09  Starport  
  51  6:12  Marine  
  52  6:19  Siege Tank  
  52  6:22  Marine  
  52  6:25  Marine  
  57  6:26  SCV x2  
  57  6:29  Marine  
  57  6:30  Supply Depot  
  57  6:32  Supply Depot  
  60  6:38  SCV x2  
  62  6:46  Barracks Reactor  
  62  6:47  Starport Reactor  
  62  6:52  SCV x2, Marine x2, Siege Tank  
  69  7:04  Refinery x2, SCV x2  
  71  7:10  Marine  
  71  7:12  Supply Depot  
  71  7:13  Supply Depot  
  71  7:15  Command Center  
  72  7:19  Barracks Reactor  
  72  7:20  SCV x2  
  74  7:23  Medivac  
  74  7:25  Medivac  
  78  7:34  SCV x2  
  80  7:38  Supply Depot  
  80  7:39  Supply Depot  
  80  7:40  Supply Depot  
  80  7:42  Combat Shield  
  80  7:46  SCV x2  
  82  7:51  Engineering Bay  
  82  7:53  Engineering Bay  
  82  7:54  Marine x3  
  82  7:57  Medivac  
  82  7:58  Medivac  
  89  8:01  Marine x2  
  89  8:04  Siege Tank  
  94  8:23  Marine x2  
  94  8:24  Marauder, Marine x2  
  94  8:26  Terran Infantry Armor Level 1, Terran Infantry Weapons Level 1  
  100  8:39  Siege Tank  
  100  8:40  SCV x2  
  100  8:41  Orbital Command  
  105  8:47  Marauder, Marine x4  
  102  9:10  Marine  
  102  9:11  Marauder, Marine x2  
  104  9:27  Marine  
  104  9:28  Marine  
  104  9:31  Marine x2  
  104  9:32  Marauder  
  104  9:35  SCV x3  
  111  9:45  Marine  
  110  9:46  Marine  
  110  9:47  SCV x3  
  110  9:49  Marine x2  
  113  9:54  Marauder  
  113  9:59  SCV x3, Siege Tank  
  114  10:02  Marine  
  114  10:04  Marine  
  116  10:09  Marine x2  
  116  10:11  SCV x2  
  120  10:15  Marauder  
  120  10:20  Marine  
  123  10:22  Marine  
  123  10:27  Marine  
  125  10:30  Marine  
  126  10:38  Armory  
Show
View Real Time Build Order
Export as new Build Order

Nessbih Terran 

Build Orders:  

Get SALT Encoding   

  12  0:00  SCV  
  13  0:12  SCV  
  14  0:21  Supply Depot  
  14  0:24  SCV  
  15  0:43  SCV  
  15  0:44  Barracks  
  15  0:49  Refinery  
  16  0:55  SCV  
  17  1:06  Barracks  
  17  1:10  SCV  
  18  1:22  SCV  
  19  1:28  Supply Depot  
  19  1:32  Reaper  
  20  1:41  Orbital Command  
  20  1:55  Reaper  
  20  1:56  Refinery  
  21  2:09  Reaper  
  22  2:26  SCV  
  22  2:27  Reaper  
  23  2:38  SCV  
  23  2:41  Reaper  
  25  2:50  SCV  
  26  2:59  Reaper  
  26  3:02  SCV  
  28  3:13  Reaper  
  28  3:14  SCV  
  28  3:16  Command Center  
  28  3:17  Supply Depot  
  29  3:32  Reaper  
  29  3:45  Reaper  
  29  3:46  SCV  
  29  3:47  Barracks  
  31  4:00  Factory  
  31  4:04  Reaper  
  31  4:09  SCV  
  33  4:17  Reaper  
  33  4:21  SCV  
  36  4:32  Orbital Command  
  36  4:34  SCV  
  36  4:37  Supply Depot  
  36  5:07  Marine x2  
  38  5:18  SCV  
  38  5:20  Factory Reactor  
  39  5:25  Factory  
  39  5:29  Orbital Command  
  39  5:41  Refinery  
  39  5:44  Refinery  
  38  6:12  SCV  
  39  6:19  SCV  
  39  6:24  Factory Tech Lab, Bunker  
  39  6:25  Widow Mine, SCV  
  42  6:56  SCV  
  42  7:00  Siege Tank  
  49  7:01  Widow Mine x2  
  49  7:03  SCV  
  49  7:05  Supply Depot  
  49  7:06  Engineering Bay  
  49  7:07  Armory  
  50  7:09  Supply Depot  
  50  7:10  SCV  
  50  7:11  Command Center  
  51  7:15  SCV  
  51  7:16  Marine x2  
  51  7:22  SCV  
  55  7:29  Widow Mine x2  
  59  7:30  SCV  
  59  7:32  Widow Mine  
  59  7:42  SCV x2  
  61  7:52  Widow Mine x2  
  61  7:54  Widow Mine, SCV  
  61  7:57  SCV  
  68  7:58  Marine x2  
  68  8:01  Terran Vehicle And Ship Armor Level 1  
  68  8:02  Drilling Claws  
  68  8:03  Starport  
  70  8:06  SCV  
  70  8:08  Supply Depot  
  70  8:09  SCV  
  72  8:16  Marine  
  72  8:21  Widow Mine x3  
  72  8:22  Marine  
  72  8:23  SCV  
  80  8:30  SCV  
  80  8:32  Orbital Command  
  81  8:43  Widow Mine  
  81  8:44  Widow Mine x2, Viking  
  81  8:45  SCV  
  90  8:48  Supply Depot  
  90  8:51  Supply Depot  
  90  9:04  Widow Mine  
  90  9:09  Widow Mine x2  
  96  9:13  Marine  
  96  9:14  SCV, Marine, Viking  
  101  9:20  Orbital Command  
  101  9:22  Fusion Core  
  101  9:23  Armory  
  101  9:25  Widow Mine  
  101  9:26  Starport  
  101  9:28  Starport  
  101  9:30  Widow Mine  
  105  9:31  Marine  
  106  9:39  Missile Turret  
  106  9:41  Missile Turret x2  
  106  9:45  Widow Mine  
  102  10:38  Starport Tech Lab x3  
Show
View Real Time Build Order
Export as new Build Order

qqq Protoss 

Build Orders:  

Get SALT Encoding   

  12  0:01  Probe  
  13  0:13  Probe  
  14  0:19  Pylon  
  14  0:26  Probe  
  15  0:47  Probe  
  15  0:49  Pylon  
  16  0:59  Probe  
  17  1:08  Gateway  
  17  1:23  Probe  
  18  1:35  Probe  
  18  1:39  Gateway  
  19  1:41  Assimilator  
  19  1:47  Probe, Assimilator  
  19  1:50  Gateway  
  20  1:59  Probe, Cybernetics Core  
  20  2:11  Probe  
  21  2:18  Zealot (Chrono Boost)  
  23  2:23  Probe  
  24  2:34  Zealot (Chrono Boost)  
  24  2:35  Probe  
  27  2:37  Adept (Chrono Boost)  
  31  2:45  Adept (Chrono Boost)  
  31  2:58  Adept (Chrono Boost)  
  31  3:01  Pylon  
  31  3:03  Pylon  
  31  3:11  Pylon  
  31  3:18  Adept  
  33  3:25  Stalker  
  34  3:47  Probe  
  33  3:52  Stalker, Adept  
  37  3:59  Probe  
  37  4:02  Forge  
  38  4:08  Adept  
  40  4:22  Stalker  
  42  4:36  Photon Cannon  
  42  4:41  Photon Cannon  
  42  4:45  Photon Cannon  
  36  5:19  Probe  
  37  5:23  Stalker  
  39  5:32  Probe  
  40  5:41  Stalker  
  42  5:44  Probe  
  40  6:13  Pylon  
  36  6:35  Pylon  
  32  6:56  Pylon  
  32  7:01  Pylon  
  32  7:19  Probe, Adept  
  32  7:22  Nexus  
  35  7:31  Probe  
  35  7:32  Adept  
  38  7:43  Probe  
  39  7:48  Stargate  
  39  8:16  Pylon  
  39  8:20  Pylon  
  39  8:21  Pylon  
  39  8:34  Probe, Adept  
  42  8:36  Phoenix (Chrono Boost)  
  42  8:37  Probe  
  45  8:45  Stargate  
  45  8:46  Probe  
  46  8:49  Probe  
  47  8:56  Phoenix (Chrono Boost)  
  47  8:58  Probe  
  47  9:01  Probe  
  49  9:10  Probe  
  42  9:19  Phoenix  
  44  9:33  Phoenix  
  40  9:52  Robotics Facility  
  40  9:53  Phoenix  
  42  10:13  Phoenix  
  44  10:18  Phoenix  
  46  10:23  Probe x2  
  46  10:24  Fleet Beacon  
Show
View Real Time Build Order
Export as new Build Order

Massa Terran 

Build Orders:  

Get SALT Encoding   

  12  0:00  SCV  
  13  0:12  SCV  
  14  0:18  Supply Depot  
  14  0:24  SCV  
  15  0:39  SCV  
  15  0:41  Barracks  
  16  0:51  SCV  
  16  0:52  Refinery  
  17  1:03  SCV  
  18  1:15  SCV  
  19  1:28  SCV  
  20  1:39  Marine  
  20  1:40  SCV  
  20  1:42  Bunker  
  21  1:47  Barracks  
  21  1:51  Barracks  
  21  1:57  Marine  
  22  2:08  Orbital Command  
  22  2:21  Marine  
  20  2:39  Marine  
  19  2:57  Marine  
  20  3:01  Marine  
  20  3:03  Supply Depot  
  16  3:18  Marine  
  16  3:19  Marine  
  18  3:36  Marine  
  18  3:37  Marine  
  20  3:54  Marine x2  
  20  3:55  Marine  
  23  3:59  Supply Depot  
  23  4:03  Factory  
  23  4:12  Marine x2  
  25  4:27  SCV  
  26  4:32  Marine  
  25  4:39  SCV  
  25  4:40  Barracks Tech Lab  
  26  4:50  Factory Tech Lab  
  26  4:52  SCV  
  27  4:55  Marine x2  
  29  5:04  SCV  
  30  5:12  Marine  
  30  5:13  Marine  
  32  5:16  SCV  
  32  5:19  Marine  
  34  5:27  Siege Tank  
  34  5:28  SCV  
  38  5:30  Marine  
  38  5:33  Refinery  
  39  5:46  Supply Depot x2  
  39  5:47  Supply Depot  
  39  5:53  Engineering Bay  
  39  6:08  SCV, Marine x2  
  43  6:14  Siege Tank  
  46  6:19  Marauder  
  46  6:22  SCV  
  48  6:25  Marine x2  
  50  6:34  SCV  
  51  6:40  Marauder  
  51  6:43  Marine x2  
  55  6:52  Cyclone  
  58  7:02  Stimpack  
  58  7:08  SCV  
  59  7:20  SCV  
  60  7:28  Barracks Reactor  
  60  7:45  Missile Turret  
  60  7:48  Missile Turret  
  60  7:50  Missile Turret  
  60  7:51  Starport  
  60  7:53  Marine x2  
  62  8:03  Supply Depot x2  
  62  8:08  SCV  
  63  8:24  Cyclone, Marine x2  
  65  8:33  Medivac  
  67  8:35  Marine  
  67  8:36  Marine  
  69  8:42  Marine x2  
  71  8:53  Marine  
  53  9:12  Marauder, Marine x3  
  58  9:30  Marine x2  
  60  9:33  Command Center  
  60  9:34  Marauder  
  60  9:37  Supply Depot  
  61  9:55  Marauder  
  61  9:59  Supply Depot  
  50  10:00  Marine  
  50  10:01  Marine  
  41  10:16  Marauder, Siege Tank  
  46  10:22  Marine  
Tags
 
Add a new tag
Caveats
  • Supply blocks, unpowered buildings, or Contaminate may cause inaccurate times.
  • Supply counts are checked every 10 seconds.